 Dungeon Crawl Stone Soup version 0.32-a0-540-g866d13106e (webtiles) character file.

Game seed: 16671325816005685815

7 lunkers the Chopper (level 2, -2/22 HPs)
             Began as a Coglin Gladiator on Feb 28, 2024.
             Slain by a goblin
             ... wielding a +0 club
              (3 damage)
             ... on level 1 of the Dungeon.
             The game lasted 00:00:15 (69 turns).

lunkers the Chopper (Coglin Gladiator)                Turns: 69, Time: 00:00:16

Health: -2/22      AC:  4    Str: 14    XL:     2   Next: 0%
Magic:  2/2        EV: 12    Int:  7    God:
Gold:   13         SH:  0    Dex: 15    Spells: 1/1 levels left

rFire   . . .        a - +0 war axe {Clarinda}
rCold   . . .        (no shield)
rNeg    . . .        b - +0 leather armour
rPois   .            c - +0 helmet
rElec   .            (no cloak)
rCorr   .            (no gloves)
SInv    .            (no boots)
Will    .....        (no amulet)
Stlth   +            (ring unavailable)
HPRegen 0.23/turn    (ring unavailable)
MPRegen 0.08/turn

%: no passive effects
@: revved
A: off-hand wielding, slow wielding, warmup strikes, no rings
a: no special abilities


You were on level 1 of the Dungeon.
You visited 1 branch of the dungeon, and saw 1 of its levels.

You collected 13 gold pieces.

Inventory:

Hand Weapons
 a - a +0 war axe (weapon) {Clarinda}
Missiles
 d - 3 throwing nets
 e - a javelin
Armour
 b - a +0 leather armour (worn)
 c - a +0 helmet (worn)


   Skills:
 - Level 2.0 Fighting
 + Level 3.5 Axes
 - Level 1.7 Throwing
 - Level 2.6 Dodging


You had one spell level left.
You didn't know any spells.
Your spell library was empty.

Dungeon Overview and Level Annotations

Branches:
Dungeon (1/15)

Altars:


Innate Abilities, Weirdness & Mutations

You can wield a second weapon in your off-hand.
It takes a long time for you to wield or remove held weapons.
Your first few attacks do less damage.
Your grasper-arms cannot wear rings.


Message History

A goblin comes into view. It is wielding a +0 club.
The goblin shouts!
The hobgoblin hits you.
You slash the hobgoblin!
You kill the hobgoblin!
A goblin comes into view. It is wielding a +0 club.
A bat comes into view.
The goblin hits you with a +0 club.
You closely miss the goblin.
The goblin shouts!
The goblin hits you with a +0 club.
You barely miss the goblin. The bat hits you but does no damage.
The goblin hits you with a +0 club. x2
* * * LOW HITPOINT WARNING * * *
You closely miss the goblin. You closely miss the bat.
The bat barely misses you.
A giant cockroach comes into view.
The goblin barely misses you.
Unknown command.
You barely miss the goblin. You hit the bat.
You kill the bat!
The goblin misses you. The goblin hits you but does no damage.
The goblin hits you with a +0 club.
* * * LOW HITPOINT WARNING * * *
You have reached level 2!
You closely miss the goblin. You completely miss the goblin.
The goblin barely misses you. The goblin hits you with a +0 club.
* * * LOW HITPOINT WARNING * * *
You barely miss the goblin. x2; The goblin hits you but does no damage. x2
Unknown command.
Unknown command.
You barely miss the goblin. x2; The goblin hits you with a +0 club.
* * * LOW HITPOINT WARNING * * *
The goblin barely misses you.
You barely miss the goblin. You closely miss the goblin.
The goblin closely misses you. The goblin hits you with a +0 club.
* * * LOW HITPOINT WARNING * * *
The giant cockroach bites you but does no damage.
The goblin closely misses you. The goblin hits you with a +0 club.
You die...

.... #########.#..##.
#########...............
........................
#######...#.......#...#
†..†..................
####....###.#.........
#........##.#..Bgg#..
#...)....##.#..†@.#
.....†...##.#.....##..
#........##...........#
#####'#######.†..####..
.......# ###..#
.....#.### ...#
#...##...## ....
##.###....# ......
##.##.###...........


You could see a giant cockroach and 2 goblins.

Vanquished Creatures
  2 ball pythons (D:1)
  A bat (D:1)
  A hobgoblin (D:1)
  A frilled lizard (D:1)
  A rat (D:1)
6 creatures vanquished.

Notes
Turn   | Place    | Note
-------+----------+-------------------------------------------
     0 | D:1      | lunkers the Coglin Gladiator began the quest for the Orb.
     0 | D:1      | Reached XP level 1. HP: 16/16 MP: 1/1
    66 | D:1      | Reached XP level 2. HP: 6/22 MP: 2/2
    69 | D:1      | HP: 1/22 [goblin/+0 club (3)]
    69 | D:1      | Slain by a goblin

Illustrated notes

Levels and vault maps discovered:
D:1:      roderic_crossed_star, layout_basic, hangedman_decor_slide_cut

Action                     || total
---------------------------++-------
  Melee: War axe           ||    17
 Armour: Leather armour    ||    22
  Dodge: Dodged            ||    13

Table legend: (Time is in decaauts)
 A = Elapsed time spent in this place.
 B = Non-inter-level travel time spent in this place.
 C = Inter-level travel time spent in this place.
 D = Time resting spent in this place.
 E = Time spent auto-exploring this place.
 F = Levels seen in this place.
 G = Mean time per level.
                   A        B        C        D        E       F      G
               +--------+--------+--------+--------+--------+-----+--------+
         Total |     74 |     74 |      0 |      0 |     38 |   1 |   74.0 |
       Dungeon |     74 |     74 |      0 |      0 |     38 |   1 |   74.0 |
               +--------+--------+--------+--------+--------+-----+--------+

Top non-repeatable levels by time:
     D:1: 74 daAuts
